Map: [ESL] Inside and Out

Players

Velego - Winner!

  • Race: Protoss Protoss
  • League: Diamond
  • Spawn Location: 1:00

AZTEX

  • Race: Protoss Protoss
  • Spawn Location: 7:00

Event: DreamHack SC2 Masters 2022 Valencia

VOD

Have the link to the VOD?

Description

Time

  • Played on: July 1, 2022, 7:09 a.m.
  • Length: 7:55

All games in this series

Show
View Real Time Build Order
Export as new Build Order

Velego Protoss - Winner!

Build Orders: Phoenix Opening, Blink Stalkers 

Get SALT Encoding   

  12  0:00  Probe  
  13  0:12  Probe  
  14  0:17  Pylon  
  14  0:24  Probe (Chrono Boost)  
  15  0:35  Gateway  
  15  0:36  Probe (Chrono Boost)  
  16  0:45  Probe (Chrono Boost)  
  16  0:46  Assimilator  
  17  0:51  Probe  
  17  0:55  Assimilator  
  18  1:03  Probe (Chrono Boost)  
  19  1:09  Gateway  
  19  1:13  Probe (Chrono Boost)  
  20  1:23  Cybernetics Core  
  20  1:26  Probe  
  21  1:37  Pylon  
  21  1:38  Probe  
  22  1:50  Probe  
  23  1:59  Stalker x2  
  27  2:02  Warp Gate, Probe  
  28  2:14  Probe  
  29  2:19  Pylon  
  29  2:25  Pylon  
  31  2:30  Sentry  
  31  2:37  Stalker  
  33  2:45  Probe  
  34  2:52  Nexus  
  34  2:58  Sentry  
  36  3:05  Probe (Chrono Boost), Phoenix  
  35  3:06  Pylon  
  36  3:16  Probe (Chrono Boost)  
  36  3:18  Twilight Council  
  37  3:21  Probe (Chrono Boost)  
  37  3:26  Shield Battery  
  38  3:33  Probe  
  39  3:41  Forge  
  39  3:45  Probe  
  40  3:49  Blink (Chrono Boost)  
  40  3:50  Phoenix  
  40  3:59  Probe (Chrono Boost)  
  41  4:04  Probe (Chrono Boost)  
  43  4:10  Protoss Ground Weapons Level 1 (Chrono Boost)  
  43  4:14  Probe x2 (Chrono Boost)  
  44  4:21  Probe (Chrono Boost)  
  46  4:24  Probe (Chrono Boost)  
  46  4:29  Probe (Chrono Boost)  
  48  4:32  Probe (Chrono Boost)  
  48  4:35  Probe  
  49  4:41  Phoenix  
  49  4:43  Probe  
  50  4:46  Nexus  
  50  4:47  Probe  
  50  4:50  Gateway  
  50  4:52  Gateway  
  51  4:55  Stalker  
  51  4:59  Stalker  
  55  5:02  Probe  
  55  5:03  Probe  
  57  5:10  Assimilator  
  57  5:19  Robotics Facility  
  57  5:25  Pylon  
  57  5:28  Stalker x2, Phoenix  
  61  5:35  Pylon  
  61  5:40  Probe  
  61  5:41  Pylon  
  62  5:43  Probe  
  62  5:45  Charge  
  63  5:52  Stalker x4  
  63  5:54  Pylon  
  63  5:56  Probe  
  72  5:58  Shield Battery  
  72  5:59  Probe  
  73  6:07  Probe  
  73  6:08  Probe  
  75  6:12  Probe  
  75  6:15  Stalker  
  75  6:16  Stalker x2  
  82  6:25  Observer, Probe  
  84  6:33  Probe  
  84  6:36  Photon Cannon  
  84  6:38  Probe x2  
  84  6:39  Stalker  
  89  6:40  Stalker x2  
  89  6:46  Probe (Chrono Boost)  
  94  6:49  Observer, Stalker  
  94  6:50  Probe (Chrono Boost)  
  99  6:55  Probe (Chrono Boost)  
  99  6:58  Probe (Chrono Boost)  
  99  7:00  Pylon  
  99  7:01  Probe (Chrono Boost)  
  99  7:10  Stalker x3  
  97  7:27  Stalker  
Show
View Real Time Build Order
Export as new Build Order

AZTEX Protoss 

Build Orders: Blink Stalkers 

Get SALT Encoding   

  12  0:00  Probe  
  13  0:12  Probe  
  14  0:17  Pylon  
  14  0:24  Probe (Chrono Boost)  
  15  0:36  Probe (Chrono Boost)  
  15  0:39  Gateway  
  16  0:44  Probe (Chrono Boost)  
  16  0:48  Assimilator  
  17  0:51  Probe  
  18  1:02  Assimilator  
  18  1:04  Probe  
  19  1:11  Gateway  
  19  1:16  Probe  
  20  1:28  Probe  
  20  1:30  Cybernetics Core  
  21  1:37  Pylon  
  21  1:40  Probe  
  22  1:52  Probe  
  23  2:04  Probe  
  23  2:06  Stalker (Chrono Boost)  
  23  2:07  Stalker (Chrono Boost)  
  26  2:11  Warp Gate (Chrono Boost)  
  28  2:22  Probe  
  29  2:24  Pylon  
  29  2:37  Stalker  
  29  2:42  Stalker  
  32  2:57  Twilight Council  
  32  3:07  Probe  
  33  3:18  Nexus  
  33  3:23  Shield Battery  
  33  3:26  Probe  
  34  3:36  Blink  
  34  3:40  Probe  
  35  3:51  Pylon  
  35  3:52  Probe  
  36  3:57  Sentry  
  38  4:06  Robotics Facility  
  38  4:08  Probe  
  39  4:10  Sentry  
  41  4:20  Probe  
  42  4:33  Probe (Chrono Boost)  
  42  4:34  Stalker  
  42  4:38  Stalker  
  47  4:44  Probe (Chrono Boost)  
  47  4:45  Probe (Chrono Boost), Assimilator  
  51  4:53  Probe (Chrono Boost)  
  51  4:54  Probe (Chrono Boost)  
  51  4:55  Observer  
  51  4:59  Probe (Chrono Boost)  
  53  5:01  Probe (Chrono Boost)  
  53  5:06  Pylon  
  54  5:07  Probe  
  54  5:11  Probe  
  54  5:12  Forge  
  56  5:19  Probe (Chrono Boost)  
  57  5:23  Stalker x2  
  57  5:26  Probe (Chrono Boost)  
  57  5:27  Pylon  
  62  5:31  Probe (Chrono Boost)  
  64  5:38  Warp Prism (Chrono Boost)  
  64  5:39  Probe x2 (Chrono Boost)  
  67  5:51  Nexus  
  67  5:53  Probe  
  67  5:54  Probe  
  69  6:04  Shield Battery  
  69  6:16  Stalker x2  
  73  6:21  Probe  
  73  6:23  Pylon  
  70  6:28  Immortal (Chrono Boost)  
  64  6:35  Gateway  
  62  6:40  Stalker x2  
  65  6:50  Shield Battery  
  64  6:55  Pylon  
  64  6:57  Stalker, Pylon  
  65  7:02  Immortal  
  63  7:12  Stalker  

Tags
 
Add a new tag
Caveats
  • Supply blocks, unpowered buildings, or Contaminate may cause inaccurate times.
  • Supply counts are checked every 10 seconds.